 Dungeon Crawl Stone Soup version 0.22-a0-785-g6253c82ace (webtiles) character file.

112 XviperX the Protected (level 4, -1/38 HPs)
             Began as a Gnoll Wanderer on July 20, 2018.
             Slain by a gnoll
             ... wielding a +0 spear
              (4 damage)
             ... on level 3 of the Dungeon.
             The game lasted 00:14:29 (1948 turns).

XviperX the Protected (Gnoll Wanderer)              Turns: 1948, Time: 00:14:29

Health: -1/38      AC:  9    Str: 15    XL:     4   Next: 95%
Magic:  6/6        EV: 11    Int: 16    God:
Gold:   99         SH:  0    Dex: 13    Spells: 5/5 levels left

rFire    . . .     SeeInvis +   i - +0 spear
rCold    . . .     Gourm    .   (no shield)
rNeg     . . .     Faith    .   d - +1 ring mail
rPois    .         Spirit   .   (no helmet)
rElec    .         Reflect  .   (no cloak)
rCorr    .         Harm     .   g - +0 pair of gloves
MR       .....                  (no boots)
Stlth    +.........             m - amulet of inaccuracy
HPRegen  0.12/turn              o - ring of see invisible
MPRegen  0.10/turn              (no ring)

@: no status effects
A: distributed training, fangs 1, strong nose
a: no special abilities


You were on level 3 of the Dungeon.
You were not hungry.

You visited 1 branch of the dungeon, and saw 3 of its levels.

You collected 99 gold pieces.

Inventory:

Hand Weapons
 a - a +3 shortbow
 i - a +0 spear (weapon)
Missiles
 b - 10 arrows
 h - 59 stones (quivered)
Armour
 d - a +1 ring mail (worn)
 g - a +0 pair of gloves (worn)
Jewellery
 m - an amulet of inaccuracy (around neck)
 o - a ring of see invisible (left hand)
Wands
 k - a wand of iceblast (10)
Scrolls
 c - a scroll of teleportation
 e - 2 scrolls of identify
Potions
 l - a potion of flight {unknown}
Comestibles
 f - 4 rations
 j - 6 chunks of flesh


   Skills:
 + Level 4.7 Fighting
 + Level 1.2 Short Blades
 + Level 1.2 Long Blades
 + Level 1.2 Axes
 + Level 1.2 Maces & Flails
 + Level 1.2 Polearms
 + Level 1.2 Staves
 + Level 1.2 Slings
 + Level 2.8 Bows
 + Level 1.2 Crossbows
 + Level 2.8 Throwing
 + Level 10.4 Armour
 + Level 1.2 Dodging
 + Level 1.2 Stealth
 + Level 1.2 Shields
 + Level 1.2 Unarmed Combat
 + Level 1.2 Spellcasting
 + Level 1.0 Conjurations
 + Level 1.0 Hexes
 + Level 1.0 Charms
 + Level 1.0 Summonings
 + Level 1.0 Necromancy
 + Level 1.0 Translocations
 + Level 1.0 Transmutations
 + Level 1.0 Fire Magic
 + Level 1.0 Ice Magic
 + Level 1.0 Air Magic
 + Level 1.0 Earth Magic
 + Level 1.0 Poison Magic
 + Level 1.4 Invocations
 + Level 2.8 Evocations


You had 5 spell levels left.
You didn't know any spells.
Your spell library was empty.

Dungeon Overview and Level Annotations

Branches:
Dungeon (3/15)

Altars:
Trog


Innate Abilities, Weirdness & Mutations

Your experience applies equally to all skills.
You have very sharp teeth.
Your uncanny sense of smell can sniff out nearby items.


Message History

You hit the gnoll but do no damage.
The gnoll is moderately wounded.
The gnoll misses you.
You hit the gnoll.
The gnoll is heavily wounded.
The gnoll misses you.
You hit the gnoll.
The gnoll is heavily wounded.
The gnoll misses you.
You hit the gnoll but do no damage.
The gnoll is heavily wounded.
The gnoll hits you but does no damage.
You hit the gnoll. You bite the gnoll, but do no damage.
The gnoll is almost dead.
The gnoll hits you with a spear.
* * * LOW HITPOINT WARNING * * *
You barely miss the gnoll.
The gnoll is almost dead.
The gnoll hits you with a spear.
You die...

#.....###
#.......#
#.....#.####
#..........####
#.....#........
##.......##.###
#..####.## #
...#.#####..#
........@g..##.#..
.....#####.>...?..
...# ####.)..( #
....< .... ∆ #...
#..


You could see a gnoll.

Vanquished Creatures
  Jessica (D:2)
  2 gnolls (D:3)
  2 adders (D:2)
  3 worms (D:2)
  An orc (D:3)
  2 giant cockroaches
  7 goblins
  9 hobgoblins
  3 kobolds
  6 bats
  2 frilled lizards
  A rat (D:2)
39 creatures vanquished.

Notes
Turn   | Place    | Note
-------+----------+-------------------------------------------
     0 | D:1      | Reached skill level 10 in Armour
     0 | D:1      | XviperX the Gnoll Wanderer began the quest for the Orb.
     0 | D:1      | XviperX set off with: a +2 shortbow, 27 arrows, a scroll of teleportation, a +0 ring mail, a ration
     0 | D:1      | Reached XP level 1. HP: 20/20 MP: 2/2
   143 | D:1      | Reached XP level 2. HP: 24/26 MP: 3/3
   795 | D:2      | Reached XP level 3. HP: 31/31 MP: 4/4
   853 | D:2      | Noticed Jessica
   856 | D:2      | Killed Jessica
   856 | D:2      | Reached skill level 1 in Short Blades
   856 | D:2      | Reached skill level 1 in Long Blades
   856 | D:2      | Reached skill level 1 in Axes
   856 | D:2      | Reached skill level 1 in Maces & Flails
   856 | D:2      | Reached skill level 1 in Polearms
   856 | D:2      | Reached skill level 1 in Staves
   856 | D:2      | Reached skill level 1 in Slings
   856 | D:2      | Reached skill level 1 in Crossbows
   856 | D:2      | Reached skill level 1 in Dodging
   856 | D:2      | Reached skill level 1 in Stealth
   856 | D:2      | Reached skill level 1 in Shields
   856 | D:2      | Reached skill level 1 in Unarmed Combat
   856 | D:2      | Reached skill level 1 in Spellcasting
   856 | D:2      | Reached skill level 1 in Invocations
   856 | D:2      | Reached XP level 4. HP: 31/38 MP: 4/6
  1723 | D:3      | Found a bloodstained altar of Trog.
  1823 | D:3      | Reached skill level 1 in Conjurations
  1823 | D:3      | Reached skill level 1 in Hexes
  1823 | D:3      | Reached skill level 1 in Charms
  1823 | D:3      | Reached skill level 1 in Summonings
  1823 | D:3      | Reached skill level 1 in Necromancy
  1823 | D:3      | Reached skill level 1 in Translocations
  1823 | D:3      | Reached skill level 1 in Transmutations
  1823 | D:3      | Reached skill level 1 in Fire Magic
  1823 | D:3      | Reached skill level 1 in Ice Magic
  1823 | D:3      | Reached skill level 1 in Air Magic
  1823 | D:3      | Reached skill level 1 in Earth Magic
  1823 | D:3      | Reached skill level 1 in Poison Magic
  1948 | D:3      | Slain by a gnoll

Vault maps used:
D:1:      dpeg_arrival_morbid_curiosity, serial_glass, glass_columns_a,
          glass_columns_c, glass_columns_a
D:2:      minmay_ruptured, uniq_jessica
D:3:      bloody_trog

Skill      XL: |  1  2  3  4 |
---------------+-------------+-----
Armour         | | 10.4
Short Blades   | 1 |  1.2
Long Blades    | 1 |  1.2
Axes           | 1 |  1.2
Maces & Flails | 1 |  1.2
Polearms       | 1 |  1.2
Staves         | 1 |  1.2
Slings         | 1 |  1.2
Crossbows      | 1 |  1.2
Dodging        | 1 |  1.2
Stealth        | 1 |  1.2
Shields        | 1 |  1.2
Unarmed Combat | 1 |  1.2
Spellcasting   | 1 |  1.2
Invocations    | 1 |  1.4
Conjurations   | 1 |  1.0
Hexes          | 1 |  1.0
Charms         | 1 |  1.0
Summonings     | 1 |  1.0
Necromancy     | 1 |  1.0
Translocations | 1 |  1.0
Transmutations | 1 |  1.0
Fire Magic     | 1 |  1.0
Ice Magic      | 1 |  1.0
Air Magic      | 1 |  1.0
Earth Magic    | 1 |  1.0
Poison Magic   | 1 |  1.0
Fighting       | |  4.7
Bows           | |  2.8
Throwing       | |  2.8
Evocations     | |  2.8

Action                   |  1- 3 |  4- 6 || total
-------------------------+-------+-------++-------
Melee: Spear             |       |    75 ||    75
       Bite              |       |     7 ||     7
       Punch             |       |     1 ||     1
 Fire: Shortbow          |    69 |    42 ||   111
  Use: Scroll            |     4 |     7 ||    11
       Potion            |       |     4 ||     4
  Eat: Ration            |       |     1 ||     1
       Chunk             |       |     1 ||     1
Armor: Ring mail         |    17 |    30 ||    47
Dodge: Dodged            |    22 |    50 ||    72

Table legend:
 A = Spawn XP
 B = Non-spawn XP
 C = Spawn XP percentage of total XP
 D = Spawn monster count
 E = Non-spawn monster count
 F = Spawn count percentage of total count
 G = Total turns spent on level
                    A         B        C        D         E        F      G
               +---------+---------+-------+---------+---------+-------+---------
         Total |       0 |     161 |   0.0 |       0 |      39 |   0.0 |  1948
               +---------+---------+-------+---------+---------+-------+---------
           D:1 |       0 |      31 |   0.0 |       0 |      18 |   0.0 |   752
           D:2 |       0 |      92 |   0.0 |       0 |      15 |   0.0 |   961
           D:3 |       0 |      38 |   0.0 |       0 |       6 |   0.0 |   235
               +---------+---------+-------+---------+---------+-------+---------
